 Dungeon Crawl Stone Soup version 0.29.0-11-gd7f09526c8 (webtiles) character file.

Game seed: 4117774837597266461

0 hilljack the Insei (level 1, 0/9 HPs)
             Began as a Vine Stalker Transmuter on Sept 3, 2022.
             Slain by a quokka (1 damage)
             ... on level 1 of the Dungeon.
             The game lasted 00:00:22 (87 turns).

hilljack the Insei (Vine Stalker Transmuter)          Turns: 87, Time: 00:00:23

Health: 0/9        AC:  3    Str: 12    XL:     1   Next: 10%
Magic:  0/4        EV: 12    Int: 13    God:
Gold:   0          SH:  0    Dex: 14    Spells: 3/4 levels left

rFire   . . .      SeeInvis .     - Unarmed
rCold   . . .      Faith    .   (no shield)
rNeg    . . .      Spirit   +   a - +0 robe
rPois   .          Reflect  .   (no helmet)
rElec   .          Harm     .   (no cloak)
rCorr   .          Rampage  .   (no gloves)
Will    .....                   d - +0 pair of boots
Stlth   +.........              (no amulet)
HPRegen 0.03/turn               (no ring)
MPRegen 0.09/turn               (no ring)

@: no status effects
A: fangs 2, magic shield, antimagic bite, no potion heal 2
a: no special abilities


You were on level 1 of the Dungeon.
You visited 1 branch of the dungeon, and saw 1 of its levels.

Inventory:

Armour
 a - a +0 robe (worn)
 d - a +0 pair of boots (worn)
Scrolls
 e - a scroll of fear {unknown}
Potions
 b - a potion of lignification
 c - a potion of heal wounds {unknown}


   Skills:
 + Level 0.8 Fighting
 + Level 1.5 Dodging
 * Level 3.0 Unarmed Combat
 - Level 2.2 Spellcasting
 - Level 2.0 Transmutations


You had 3 spell levels left.
You knew the following spells:

 Your Spells              Type           Power      Damage    Failure   Level
a - Beastly Appendage     Tmut           12%        N/A       11%         1

Your spell library contained the following spells:

 Spells                   Type           Power      Damage    Failure   Level
 Wereblood                Tmut           6%         N/A       17%         2
 Spider Form              Tmut/Pois      4%         N/A       45%         3
 Ice Form                 Ice/Tmut       4%         N/A       86%         4


Dungeon Overview and Level Annotations

Branches:
Dungeon (1/15)

Altars:


Innate Abilities, Weirdness & Mutations

You have extremely sharp teeth.
When hurt, damage is shared between your health and your magic reserves.
Your bite disrupts and absorbs the magic of your enemies.
Potions cannot restore your health.


Message History

You see here 5 stones.
Found a stone staircase leading down.
A rat comes into view.
You hit the rat.
You kill the rat!
No target in view!
A quokka comes into view.
A quokka is nearby!
A bat comes into view.
Found 5 stones.
A kobold comes into view. It is wielding a +0 dagger of flaming.
The bat barely misses you.
You miss the bat. Your bite misses the bat. The bat misses you.
The kobold throws a stone.
The stone barely misses you. The bat hits you but does no damage.
The quokka bites you.
You barely miss the quokka. Your punch misses the quokka. You bite the quokka.
You drain its power.
You feel invigorated.
The quokka is moderately wounded.
The bat barely misses you. The quokka bites you.
You hit the quokka. Your bite misses the quokka.
The quokka is almost dead.
The bat misses you. The quokka closely misses you.
You barely miss the quokka.
The quokka is almost dead.
The quokka misses you.
You hit the quokka but do no damage. You bite the quokka, but do no damage.
The quokka is severely wounded.
The bat barely misses you. The quokka bites you.
You hit the quokka but do no damage.
The quokka is severely wounded.
The quokka bites you.
* * * LOW HITPOINT WARNING * * *
The kobold hits you with a +0 dagger of flaming.
* * * LOW HITPOINT WARNING * * *
The kobold burns you. The bat closely misses you.
You are too injured to fight recklessly!
You hit the quokka but do no damage.
The quokka is severely wounded.
The bat hits you but does no damage. The bat misses you. The quokka bites you.
You die...

........# ........#
........# +# #####
........###.####...###
............##.......##
............#.........##
..(.....r...#....⌠......
......K@....#.........##
......b.....##.......###
#####.##.....###...###
###. #...#.# ####.###
.....#.....# ###...##
###.....### #.......
#..##.# #........
#...#.#####....⌠...
#...>.....#........


You could see a quokka, a bat and a kobold.

Vanquished Creatures
  A rat (D:1)
1 creature vanquished.

Notes
Turn   | Place    | Note
-------+----------+-------------------------------------------
     0 | D:1      | hilljack the Vine Stalker Transmuter began the quest for
                  | the Orb.
     0 | D:1      | Reached XP level 1. HP: 9/9 MP: 4/4
    87 | D:1      | Slain by a quokka

Illustrated notes

Levels and vault maps discovered:
D:1:      dpeg_arrival_three_same_balls, layout_basic

Action                   || total
-------------------------++-------
Melee: Unarmed           ||     8
       Bite              ||     2
Armor: Robe              ||     2
Dodge: Dodged            ||    10
